 Dungeon Crawl Stone Soup version 0.27.1-37-g7b29ead8ac (webtiles) character file.

Game seed: 17945080173601619918

595 6666870 the Ruffian (level 7, 0/68 HPs)
             Began as a Troll Fighter on Oct 1, 2023.
             Slain by an orc (4 damage)
             ... on level 7 of the Dungeon.
             The game lasted 00:06:12 (1071 turns).

6666870 the Ruffian (Troll Fighter)                 Turns: 1071, Time: 00:06:13

Health: 0/68       AC:  4    Str: 27    XL:     7   Next: 16%
Magic:  6/6        EV:  8    Int:  4    God:
Gold:   108        SH:  9    Dex:  9    Spells: 6/6 levels left

rFire    . . .     SeeInvis .     - Unarmed
rCold    . . .     Faith    .   b - +0 kite shield
rNeg     . . .     Spirit   .   a - +0 robe
rPois    .         Reflect  .   (helmet restricted)
rElec    .         Harm     .   (no cloak)
rCorr    .         Rampage  .   (gloves unavailable)
Will     .....                  (boots unavailable)
Stlth    +.........             (no amulet)
HPRegen  1.21/turn              (no ring)
MPRegen  0.10/turn              (no ring)

@: no status effects
A: large, unfitting armour, claws 3, regeneration 1, shaggy fur 1, tough skin 1
a: no special abilities


You were on level 7 of the Dungeon.
You visited 1 branch of the dungeon, and saw 7 of its levels.

You collected 108 gold pieces.

Inventory:

Armour
 a - a +0 robe (worn)
 b - a +0 kite shield (worn)
 j - a +0 scale mail
Jewellery
 n - a +4 ring of slaying
Scrolls
 d - a scroll of identify {unknown}
 f - a scroll of noise {unknown}
 g - a scroll of fear {unknown}
 i - a scroll of enchant weapon {unknown}
 l - a scroll of silence {unknown}
Potions
 c - a potion of might
 e - a potion of curing {unknown}
 h - a potion of berserk rage {unknown}
 k - a potion of attraction {unknown}
 m - a potion of invisibility {unknown}


   Skills:
 + Level 3.7 Fighting
 + Level 4.0 Dodging
 + Level 3.9 Shields
 + Level 4.6 Unarmed Combat


You had 6 spell levels left.
You didn't know any spells.
Your spell library contained the following spells:

 Spells                   Type           Power      Damage    Failure   Level
 Beastly Appendage        Tmut           0%         N/A       86%         1
 Wereblood                Tmut           0%         N/A       95%         2
 Spider Form              Tmut/Pois      0%         N/A       99%         3


Dungeon Overview and Level Annotations

Branches:
Dungeon (7/15)
 Temple: D:4-7

Altars:
Cheibriados
Hepliaklqana


Innate Abilities, Weirdness & Mutations

You are too large for most types of armour.
You have claws for hands.
Your natural rate of healing is unusually fast.
You are covered in fur. (AC +1)
You have tough skin. (AC +1)


Message History

The orc barely misses you.
You closely miss the orc.
The orc is almost dead.
You block the orc's attack. You block the gnoll sergeant's attack.
The orc closely misses you. x2
You scratch the orc but do no damage.
The orc is almost dead.
The gnoll sergeant barely misses you. The orc closely misses you.
The orc hits you with a +0 club. You block the gnoll sergeant's attack.
You barely miss the orc.
The orc is almost dead.
You block the orc's attack. x2
The gnoll sergeant hits you from afar with a +0 trident!
* * * LOW HITPOINT WARNING * * *
You claw the orc!
You kill the orc!
The orc barely misses you.
The gnoll sergeant hits you from afar with a +0 trident!
* * * LOW HITPOINT WARNING * * *
The orc hits you but does no damage. The gnoll sergeant closely misses you.
Things that are here:
a +0 club; 3 boomerangs; a +0 chain mail The gnoll sergeant blocks your attack.
The gnoll sergeant closely misses you. You block the orc's attack.
You closely miss the gnoll sergeant. You block the gnoll sergeant's attack.
The orc hits you with a +0 club.
* * * LOW HITPOINT WARNING * * *
You claw the gnoll sergeant!
The gnoll sergeant is heavily wounded.
You block the gnoll sergeant's attack. The orc barely misses you.
You scratch the gnoll sergeant.
The gnoll sergeant is heavily wounded.
You block the gnoll sergeant's attack. You block the orc's attack.
The gnoll sergeant blocks your attack.
The gnoll sergeant is heavily wounded.
The gnoll sergeant hits you with a +0 trident!
* * * LOW HITPOINT WARNING * * *
The orc hits you with a +0 club.
You die...

#...#...##..#....# ..
#.......##..#..###...
##....#............#
#.#...###.........#
#...#.##......###.###
#.. #..#......###....
.....##.#<...)......#
......(....##.....##..#
.......#..g@o...#..##..
.......##.###.....$...#
..... #..# #.....###.#
..... #.## #.......# #
.... .. #....).#.# ....
... ....###.#.#
#........# (# .
.....##### .. . .. #..


You could see a gnoll sergeant and an orc.

Vanquished Creatures
  Sigmund (D:6)
  2 black bears
  A scorpion (D:6)
  A wyvern skeleton (D:4)
  An orc wizard (D:6)
  An adder (D:3)
  8 gnolls
  2 shadow imps
  4 orcs
  3 ball pythons
  An endoplasm (D:1)
  A goblin (D:3)
  A kobold (D:1)
27 creatures vanquished.

Notes
Turn   | Place    | Note
-------+----------+-------------------------------------------
     0 | D:1      | 6666870 the Troll Fighter began the quest for the Orb.
     0 | D:1      | Reached XP level 1. HP: 22/22 MP: 0/0
   503 | D:3      | Found a snail-covered altar of Cheibriados.
   531 | D:3      | Found a hazy altar of Hepliaklqana.
   539 | D:3      | Reached XP level 2. HP: 10/29 MP: 1/1
   547 | D:3      | Reached XP level 3. HP: 9/36 MP: 2/2
   650 | D:4      | Reached XP level 4. HP: 34/45 MP: 3/3
   763 | D:5      | Entered Level 5 of the Dungeon
   763 | D:5      | Noticed a black bear
   770 | D:5      | Killed a black bear
   771 | D:5      | Reached XP level 5. HP: 41/53 MP: 4/4
   944 | D:6      | Noticed a black bear
   947 | D:6      | Noticed Sigmund
   952 | D:6      | Killed a black bear
   953 | D:6      | Reached XP level 6. HP: 54/61 MP: 5/5
   960 | D:6      | Killed Sigmund
   965 | D:6      | Reached XP level 7. HP: 18/68 MP: 6/6
  1071 | D:7      | Slain by an orc

Illustrated notes

Levels and vault maps discovered:
D:1:      psy_arrival_statuary, layout_loops_cross, serial_aquarium,
          aquarium_bridge_square [aquarium_subvault_bridge,
          aquarium_subvault_wall, aquarium_subvault_wall,
          aquarium_subvault_wall], aquarium_bridge_long_separate
          [aquarium_subvault_wall, aquarium_subvault_bridge,
          aquarium_subvault_bridge, aquarium_subvault_wall,
          aquarium_subvault_window, aquarium_subvault_bridge],
          aquarium_window_corridor_3, aquarium_window_corner,
          aquarium_window_fake, aquarium_view_2f, aquarium_view_2b,
          aquarium_balcony_1b, aquarium_pool_four, minivault_25
D:2:      layout_loops_ring, wad_floor_pattern_2
D:3:      layout_loops_ring, mainiacjoe_overflow_24_doors, cheibriados_altar_1,
          uniq_robin, uniq_natasha
D:4:      layout_loops_ring, doesnt_xom_only_xom, kennysheep_generic_room_2
D:5:      layout_basic, dancing_weapons_uskayaw, temple_fountains
D:6:      layout_loops_cross, minivault_27, uniq_sigmund, uniq_eustachio,
          uniq_menkaure
D:7:      layout_rooms, lemuel_tele_altar

Skill      XL: |  1  2  3  4  5  6  7 |
---------------+----------------------+-----
Fighting       | 3 |  3.7
Dodging        | 3 4 |  4.0
Shields        | 3 |  3.9
Unarmed Combat | 3 4 |  4.6

Action                   |  1- 3 |  4- 6 |  7- 9 || total
-------------------------+-------+-------+-------++-------
Melee: Unarmed           |    31 |    44 |    24 ||    99
Armor: Robe              |     3 |    20 |     2 ||    25
Dodge: Dodged            |    11 |    14 |    16 ||    41
Block: Kite shield       |    16 |    15 |    24 ||    55
